Map: New Gettysburg LE

Players

TYTY (TY)

  • Race: Terran Terran

Nerchio - Winner!

  • Race: Zerg Zerg

Event: 2016 WCS Global Finals

VOD

Have the link to the VOD?

Description

Time

  • Played on: Oct. 28, 2016, 1:07 p.m.
  • Length: 24:47

All games in this series

Show
View Real Time Build Order
Export as new Build Order

TYTY Terran 

Build Orders: Reaper Expand, Mech 

Get SALT Encoding   

  12  0:00  SCV  
  13  0:12  SCV  
  14  0:18  Supply Depot  
  14  0:24  SCV  
  15  0:39  SCV  
  15  0:40  Barracks  
  16  0:45  Refinery  
  16  0:51  SCV  
  17  1:03  SCV  
  18  1:15  SCV  
  19  1:28  Reaper  
  19  1:29  Orbital Command  
  20  1:42  Command Center  
  20  1:53  Supply Depot  
  20  1:55  SCV  
  21  2:04  Factory  
  21  2:07  SCV  
  22  2:19  SCV  
  22  2:22  Barracks Reactor  
  23  2:31  SCV  
  24  2:43  SCV  
  24  2:44  Command Center  
  25  2:53  Orbital Command  
  25  2:56  SCV  
  26  3:00  Marine x2  
  28  3:06  Starport  
  28  3:08  SCV  
  29  3:15  Refinery  
  29  3:18  Marine x2  
  29  3:19  SCV  
  32  3:22  SCV  
  32  3:23  Widow Mine  
  35  3:30  Bunker  
  35  3:33  SCV  
  36  3:34  SCV  
  36  3:36  Marine x2  
  39  3:44  Medivac  
  39  3:46  SCV x2  
  43  3:54  Factory Tech Lab, Marine x2  
  45  3:57  Orbital Command  
  45  4:04  SCV x2  
  47  4:12  Marine x2  
  47  4:16  SCV x2  
  54  4:17  Siege Tank  
  54  4:18  Supply Depot  
  54  4:22  Refinery  
  54  4:23  SCV  
  55  4:27  Refinery  
  55  4:32  Marine x2  
  55  4:33  SCV x2  
  55  4:35  Viking  
  61  4:40  SCV  
  61  4:45  SCV  
  63  4:49  Siege Tank, SCV  
  69  4:57  SCV  
  69  4:59  Supply Depot  
  69  5:00  SCV, Supply Depot  
  69  5:01  SCV  
  69  5:09  Medivac, Marine x2  
  69  5:13  SCV x2  
  75  5:16  Supply Depot  
  75  5:18  Supply Depot  
  79  5:21  Siege Tank  
  79  5:24  Supply Depot  
  79  5:25  SCV  
  79  5:27  Marine x2  
  79  5:33  SCV  
  79  5:34  Orbital Command  
  80  5:37  SCV  
  80  5:40  Factory, Starport Tech Lab  
  80  5:42  Factory  
  81  5:48  SCV  
  83  5:50  SCV  
  83  5:53  Siege Tank  
  86  6:00  SCV x2  
  86  6:02  SCV  
  89  6:10  Armory  
  89  6:12  SCV  
  89  6:13  SCV, Starport Reactor  
  89  6:14  SCV  
  92  6:24  SCV  
  92  6:25  Siege Tank, SCV  
  93  6:28  SCV  
  85  6:36  SCV  
  85  6:37  SCV, Factory  
  85  6:38  Refinery, Factory  
  87  6:40  Refinery, SCV  
  87  6:46  Hellion  
  87  6:47  Hellion x2  
  94  6:48  SCV  
  94  6:50  SCV  
  94  6:52  SCV  
  97  6:57  Medivac x2  
  97  6:58  Command Center  
  97  6:59  Terran Vehicle Weapons Level 1  
  97  7:00  SCV  
  104  7:02  SCV  
  104  7:04  SCV  
  104  7:06  Supply Depot  
  106  7:14  Hellion x2  
  110  7:16  Siege Tank x2  
  110  7:18  SCV x2  
  110  7:20  SCV  
  110  7:22  Supply Depot  
  117  7:23  Factory Tech Lab  
  117  7:24  Supply Depot  
  117  7:25  Supply Depot  
  117  7:34  Starport Reactor  
  117  7:35  SCV x2  
  118  7:39  Hellion x2  
  118  7:42  Supply Depot  
  122  7:46  Hellion  
  122  7:47  Hellion, Siege Tank  
  129  7:51  SCV  
  129  7:52  SCV  
  131  7:58  Siege Tank  
  131  7:59  Siege Tank  
  131  8:01  Hellion x2  
  141  8:07  Engineering Bay  
  141  8:11  Hellion x2  
  141  8:12  Viking x2, Supply Depot  
  145  8:13  Supply Depot  
  149  8:23  Siege Tank, Hellbat x2  
  156  8:31  Siege Tank  
  159  8:34  SCV x2  
  159  8:36  Siege Tank  
  159  8:37  Hellbat x2  
  160  8:42  Orbital Command  
  160  8:45  Viking  
  162  8:52  Viking  
  162  8:55  Siege Tank  
  167  9:04  SCV x2  
  167  9:06  Siege Tank  
  167  9:07  Supply Depot  
  167  9:08  Siege Tank  
  175  9:11  Hellion x2  
  175  9:15  SCV  
  180  9:20  Hellion x2  
  186  9:32  Infernal Pre-Igniter  
  186  9:33  Hellion x2  
  190  9:39  Hellion x2  
  190  9:43  SCV x2  
  190  9:44  Siege Tank  
  190  9:45  Hellion x2  
  196  9:47  Orbital Command  
  194  9:55  Engineering Bay  
  194  9:57  Missile Turret  
  194  10:04  Hellion  
  196  10:08  Missile Turret  
  196  10:24  Liberator  
  189  10:37  Hellion  
  189  10:39  Missile Turret  
  189  10:40  Siege Tank  
  188  10:45  Missile Turret  
  186  10:51  Siege Tank  
  186  10:53  Siege Tank  
  146  11:12  Siege Tank  
  148  11:23  Siege Tank  
  148  11:25  Siege Tank  
  138  11:40  Orbital Command  
  125  12:00  Liberator  
  114  12:07  Supply Depot x3  
  109  12:10  SCV  
  109  12:11  Liberator  
  109  12:13  SCV  
  108  12:18  SCV x2  
  108  12:22  SCV  
  108  12:27  Supply Depot  
  108  12:28  Siege Tank, SCV, Ghost Academy  
  108  12:29  Siege Tank  
  118  12:30  Armory  
  118  12:31  SCV x2  
  118  12:33  Refinery  
  118  12:34  Refinery, SCV  
  119  12:40  SCV  
  119  12:43  SCV x2  
  122  12:46  SCV  
  122  12:49  Refinery  
  123  12:52  SCV  
  123  12:55  SCV x2  
  126  12:58  SCV  
  126  13:04  SCV  
  132  13:14  Supply Depot  
  132  13:15  Hellion, Supply Depot  
  132  13:19  SCV x3  
  131  13:20  Terran Vehicle Weapons Level 2, Supply Depot  
  131  13:24  Viking  
  131  13:26  Hellion  
  131  13:27  SCV  
  132  13:31  Sensor Tower  
  132  13:35  Viking  
  132  13:36  Hellion x3  
  136  13:43  SCV x2  
  136  13:44  Missile Turret x2  
  136  13:57  Viking  
  138  14:05  Viking  
  138  14:07  Hellion  
  147  14:10  SCV  
  142  14:23  Command Center  
  140  14:28  SCV x3  
  140  14:29  Viking  
  145  14:35  Viking  
  138  14:55  SCV x4  
  138  14:58  Hi-Sec Auto Tracking  
  142  15:01  Viking  
  142  15:04  Siege Tank  
  142  15:05  Viking, Siege Tank  
  146  15:08  Siege Tank, Missile Turret  
  146  15:09  Missile Turret  
  147  15:27  Missile Turret  
  139  15:30  SCV x3  
  139  15:34  Viking  
  132  15:35  Viking  
  144  15:42  Terran Vehicle Weapons Level 3  
  140  15:44  Armory  
  140  15:45  Command Center  
  140  15:47  Refinery x2  
  140  15:48  Siege Tank x2  
  142  15:57  SCV x2  
  143  16:06  Hellion x2  
  143  16:09  Missile Turret  
  143  16:10  Medivac  
  143  16:11  Medivac  
  151  16:14  Missile Turret  
  151  16:17  Drilling Claws  
  151  16:21  Missile Turret  
  151  16:23  Orbital Command, Missile Turret  
  151  16:32  Missile Turret x2  
  151  16:34  SCV x4  
  151  16:38  Terran Vehicle And Ship Armor Level 1  
  155  16:46  Viking x2  
  145  16:50  Hellion x2  
  145  16:51  SCV  
  145  16:52  SCV  
  145  16:53  SCV  
  147  17:00  SCV  
  145  17:05  Command Center  
  144  17:13  Siege Tank  
  144  17:14  Siege Tank x2  
  144  17:15  Widow Mine x4  
  146  17:21  Missile Turret  
  154  17:23  Orbital Command, Missile Turret  
  153  17:30  Medivac x2  
  153  17:34  Sensor Tower  
  157  17:39  SCV  
  157  17:41  Orbital Command  
  157  17:43  Widow Mine  
  145  17:53  Siege Tank x2  
  151  17:59  Widow Mine x4  
  163  18:17  Viking  
  163  18:18  Viking  
  163  18:19  Factory x2  
  163  18:25  Siege Tank x2  
  169  18:30  Siege Tank  
  170  18:43  Orbital Command  
  158  18:49  Widow Mine x2  
  158  18:50  Widow Mine  
  162  18:57  Viking x2, Siege Tank x2  
  162  19:00  Missile Turret  
  162  19:02  Siege Tank  
  175  19:07  Factory Tech Lab  
  175  19:12  Factory Tech Lab  
  167  19:18  Terran Vehicle And Ship Armor Level 2  
  165  19:25  Hellion x2  
  165  19:26  Hellion x2  
  172  19:44  Siege Tank x2  
  174  19:47  Orbital Command  
  174  19:50  Command Center  
  157  19:57  Hellion x3, Siege Tank  
  157  19:58  Orbital Command  
  162  20:01  Factory Tech Lab x2  
  154  20:35  Viking x2  
  152  20:36  Widow Mine  
  152  20:37  Widow Mine x3, Missile Turret x2, Siege Tank x3  
  152  20:38  Factory Tech Lab x2  
  152  20:40  Orbital Command, Missile Turret  
  170  20:42  SCV  
  145  20:58  Widow Mine  
  145  20:59  Siege Tank  
  142  21:05  Widow Mine  
  142  21:06  SCV x3  
  142  21:09  Orbital Command  
  142  21:10  Refinery, Missile Turret  
  147  21:23  SCV x3  
  150  21:26  Refinery  
  146  21:42  Hellion  
  146  21:43  Hellion x4  
  164  21:51  Orbital Command  
  137  22:11  Hellion  
  137  22:12  Hellion x2  
  137  22:13  Missile Turret x2  
  143  22:18  SCV x2  
  145  22:23  Siege Tank  
  145  22:25  Starport  
  145  22:27  Starport  
  148  22:31  Siege Tank  
  148  22:32  Orbital Command  
  134  22:51  Siege Tank  
  129  23:15  Siege Tank  
  129  23:16  Siege Tank  
  121  23:39  Viking x3  
  121  23:40  Viking  
  129  23:46  Hellion x2  
  104  24:04  Hellion x2  
  104  24:05  Hellion  
  104  24:09  Viking  
  102  24:18  Refinery x2, Orbital Command  
  102  24:27  Missile Turret  
  102  24:29  Missile Turret x2  
Show
View Real Time Build Order
Export as new Build Order

Nerchio Zerg - Winner!

Build Orders: Hatch First 

Get SALT Encoding   

  12  0:00  Drone  
  13  0:13  Overlord  
  13  0:18  Drone  
  14  0:31  Drone x2  
  14  0:34  Drone  
  17  0:52  Hatchery  
  17  0:56  Drone  
  17  0:59  Drone  
  18  1:07  Extractor  
  17  1:16  Spawning Pool  
  16  1:19  Drone  
  16  1:23  Drone  
  18  1:29  Drone  
  19  1:39  Overlord  
  19  1:50  Drone  
  20  2:02  Queen  
  20  2:03  Zergling x2  
  20  2:04  Queen  
  20  2:06  Zergling x2  
  26  2:11  Metabolic Boost  
  26  2:16  Drone  
  26  2:18  Drone  
  28  2:24  Drone  
  28  2:27  Drone  
  30  2:34  Drone  
  30  2:38  Drone  
  30  2:43  Queen  
  33  2:46  Queen  
  33  2:50  Overlord  
  35  2:55  Overlord  
  35  3:08  Drone  
  35  3:09  Drone x3  
  35  3:11  Drone x3  
  42  3:13  Drone  
  42  3:14  Drone  
  44  3:24  Drone x3  
  47  3:34  Hatchery  
  47  3:36  Drone  
  47  3:41  Roach Warren  
  47  3:46  Drone  
  47  3:47  Drone x2  
  49  3:50  Overlord  
  49  3:51  Extractor  
  49  3:53  Overlord  
  48  3:59  Drone x3  
  51  4:10  Drone x4  
  55  4:24  Evolution Chamber  
  55  4:27  Roach  
  55  4:28  Roach x5  
  66  4:36  Overlord  
  66  4:37  Roach  
  68  4:40  Lair  
  67  4:50  Drone x5  
  68  5:00  Drone, Spore Crawler  
  68  5:01  Drone x2  
  70  5:07  Drone x4  
  70  5:08  Drone x2  
  70  5:09  Drone  
  70  5:13  Extractor  
  76  5:14  Drone x2  
  76  5:16  Hatchery  
  76  5:18  Overlord  
  76  5:21  Drone x3  
  79  5:23  Overlord  
  79  5:26  Zerg Missile Weapons Level 1  
  80  5:28  Overlord  
  80  5:31  Overlord  
  80  5:35  Extractor  
  80  5:37  Drone x3  
  80  5:38  Drone, Extractor  
  80  5:40  Glial Reconstitution  
  82  5:45  Roach x3  
  82  5:48  Roach  
  90  5:50  Overlord  
  90  5:54  Drone x2  
  90  5:55  Drone  
  90  5:56  Drone  
  94  5:58  Pneumatized Carapace  
  94  5:59  Overlord  
  94  6:02  Overlord  
  94  6:04  Overlord  
  94  6:09  Ravager x2  
  94  6:10  Roach x2  
  100  6:12  Roach x2  
  100  6:14  Roach  
  100  6:17  Roach x2  
  102  6:25  Roach x2  
  102  6:26  Roach x2  
  102  6:29  Roach x2  
  100  6:36  Roach x4  
  100  6:39  Roach  
  110  6:42  Roach  
  110  6:43  Overlord  
  110  6:46  Roach x2  
  116  6:47  Overlord  
  116  6:48  Roach  
  116  6:49  Roach  
  116  6:52  Extractor, Roach  
  121  6:55  Roach  
  121  6:56  Roach  
  121  6:58  Roach  
  127  7:02  Overlord  
  127  7:06  Roach x4  
  135  7:13  Roach x4  
  143  7:17  Roach  
  143  7:18  Roach x2  
  143  7:20  Overlord  
  147  7:23  Overlord  
  141  7:36  Roach x7  
  153  7:46  Roach x2  
  153  7:49  Roach  
  159  7:56  Roach  
  159  7:57  Roach  
  157  8:02  Roach x3  
  163  8:08  Roach x3  
  163  8:09  Overlord  
  163  8:10  Roach  
  163  8:11  Roach  
  163  8:12  Overlord  
  173  8:13  Roach  
  173  8:14  Overlord  
  173  8:15  Overlord  
  175  8:20  Overlord x2  
  175  8:22  Overlord  
  173  8:30  Roach  
  173  8:32  Roach  
  153  8:36  Roach x5  
  153  8:39  Drone x3  
  153  8:40  Drone  
  153  8:42  Drone x2  
  153  8:44  Drone  
  153  8:45  Drone  
  153  8:46  Drone  
  153  8:48  Drone  
  159  8:50  Drone  
  159  8:51  Drone  
  159  8:52  Drone  
  159  8:53  Drone  
  159  8:54  Drone  
  165  8:55  Drone  
  165  9:01  Infestation Pit  
  164  9:09  Queen  
  166  9:10  Hydralisk Den  
  161  9:22  Extractor x2, Queen x2  
  157  9:29  Drone x2  
  157  9:30  Drone x2  
  155  9:34  Drone x6  
  155  9:35  Zerg Missile Weapons Level 2  
  155  9:37  Hive  
  151  9:46  Hydralisk x3  
  151  9:47  Muscular Augments  
  151  9:49  Hydralisk  
  159  9:53  Hydralisk  
  159  9:54  Hydralisk  
  159  9:56  Hydralisk  
  159  9:59  Hydralisk  
  165  10:01  Hydralisk  
  165  10:04  Hydralisk  
  165  10:06  Hydralisk  
  173  10:08  Hydralisk  
  173  10:12  Hydralisk x2  
  179  10:23  Ravager x5, Hydralisk  
  179  10:24  Hydralisk  
  179  10:26  Hydralisk x2  
  179  10:27  Overlord  
  179  10:28  Overlord  
  192  10:30  Overlord  
  192  10:31  Overlord  
  192  10:40  Hydralisk x2  
  192  10:42  Overlord  
  190  10:47  Hydralisk x4  
  194  10:50  Hydralisk  
  194  10:56  Hydralisk x2  
  177  10:58  Roach  
  177  11:01  Roach x2  
  176  11:04  Roach  
  176  11:07  Roach  
  168  11:26  Hatchery  
  168  11:29  Burrow  
  161  11:41  Viper x2  
  161  11:42  Viper  
  143  12:02  Roach x4  
  143  12:03  Roach  
  143  12:05  Roach  
  155  12:09  Roach  
  155  12:10  Hatchery  
  149  12:20  Roach x3  
  140  12:25  Roach x2  
  144  12:36  Zerg Ground Armor Level 1  
  144  12:37  Hydralisk Den  
  144  12:40  Drone  
  144  12:42  Extractor x2  
  142  13:02  Viper  
  145  13:06  Hatchery  
  145  13:08  Viper  
  145  13:12  Roach x2  
  151  13:14  Drone x2  
  151  13:15  Drone x4  
  151  13:17  Overlord  
  155  13:28  Viper  
  155  13:29  Spore Crawler x2  
  155  13:33  Drone x3  
  155  13:34  Drone  
  156  13:37  Drone  
  156  13:38  Drone  
  157  13:43  Hydralisk x3  
  163  13:49  Hydralisk x2  
  163  13:51  Drone x2  
  169  13:56  Hydralisk  
  161  14:07  Hydralisk x4  
  167  14:14  Hydralisk x2  
  171  14:18  Drone x3  
  171  14:19  Drone  
  175  14:24  Hydralisk x2  
  179  14:38  Drone x7  
  178  14:39  Drone x4  
  178  14:40  Drone x2  
  182  14:52  Drone x3  
  185  14:53  Drone  
  185  14:56  Viper x2, Hydralisk x2  
  196  15:00  Zerg Missile Weapons Level 3  
  196  15:10  Viper  
  199  15:17  Evolution Chamber  
  199  15:20  Evolution Chamber  
  197  15:22  Evolution Chamber  
  197  15:23  Evolution Chamber  
  197  15:28  Viper x2  
  184  15:31  Hydralisk x4  
  184  15:32  Hydralisk  
  200  15:41  Viper  
  196  15:43  Drone  
  195  15:53  Viper  
  195  15:55  Roach x3  
  195  15:56  Roach x2  
  199  16:03  Evolution Chamber  
  198  16:12  Spine Crawler x2  
  198  16:13  Spine Crawler  
  198  16:17  Overlord x2  
  198  16:18  Overlord  
  195  16:21  Hatchery, Overlord  
  194  16:28  Overlord  
  194  16:31  Overlord  
  194  16:39  Extractor  
  189  16:42  Hydralisk x4  
  189  16:43  Hydralisk  
  190  16:50  Roach x3  
  190  16:51  Roach x2  
  192  16:59  Viper x2  
  179  17:02  Roach x2  
  179  17:03  Roach x3  
  179  17:04  Roach x2  
  179  17:05  Roach  
  189  17:11  Roach x3, Hydralisk x2  
  189  17:17  Viper x2  
  195  17:23  Roach x2  
  195  17:27  Viper  
  200  17:39  Zerg Ground Armor Level 2  
  200  17:40  Evolution Chamber  
  200  17:41  Evolution Chamber  
  200  17:43  Evolution Chamber  
  195  17:45  Evolution Chamber  
  195  17:48  Viper x2  
  195  17:50  Roach  
  195  17:51  Roach x3  
  188  17:53  Viper x2  
  194  18:09  Nydus Network  
  193  18:14  Viper  
  196  18:29  Roach x2  
  182  18:44  Hydralisk x3  
  164  18:49  Viper x2  
  164  18:52  Roach  
  164  18:53  Roach x6  
  186  18:55  Roach  
  186  18:56  Roach  
  188  19:03  Nydus Canal  
  188  19:07  Roach x3  
  176  19:18  Hydralisk x4  
  176  19:19  Hydralisk  
  176  19:21  Hydralisk  
  176  19:23  Hydralisk  
  182  19:37  Hydralisk x5  
  182  19:51  Hydralisk x5  
  170  19:55  Roach x4  
  170  19:56  Roach  
  170  19:57  Roach  
  170  19:59  Roach  
  180  20:00  Roach  
  180  20:05  Roach x3  
  190  20:07  Roach  
  190  20:09  Roach x2  
  190  20:15  Roach x2  
  190  20:19  Roach x3  
  191  20:21  Overseer  
  191  20:23  Roach x3  
  191  20:25  Extractor  
  197  20:35  Drone x2  
  197  20:36  Drone  
  197  20:37  Spine Crawler  
  197  20:38  Roach, Spore Crawler  
  173  20:57  Roach x15  
  173  20:59  Viper  
  184  21:08  Viper  
  187  21:17  Viper  
  188  21:40  Viper x2  
  188  21:46  Roach x2  
  194  21:50  Roach x2  
  194  21:51  Roach  
  188  22:02  Roach x2  
  188  22:05  Hydralisk x7  
  187  22:15  Viper  
  190  22:30  Hatchery  
  178  22:38  Hydralisk  
  178  22:39  Hydralisk x7  
  178  22:40  Hydralisk  
  178  22:53  Viper  
  178  22:55  Overlord  
  178  22:57  Overlord x2  
  181  23:00  Overlord  
  181  23:01  Overlord  
  181  23:03  Extractor  
  178  23:11  Viper  
  171  23:14  Drone x3  
  171  23:15  Drone x3  
  171  23:17  Roach x6  
  171  23:18  Roach x2  
  193  23:22  Overseer  
  187  23:28  Roach  
  187  23:29  Roach, Overseer x2  
  191  23:35  Viper  
  191  23:44  Roach x5  
  169  23:57  Overseer  
  169  24:00  Roach x5  
  169  24:01  Roach x2  
  156  24:03  Roach  
  156  24:04  Roach  
  156  24:07  Roach  
  158  24:12  Roach x2  
  158  24:13  Roach x2  
  164  24:17  Overseer  
  164  24:18  Roach x2  
  164  24:20  Roach  
  164  24:21  Overseer  
  164  24:23  Roach  
Tags
 
Add a new tag
Caveats
  • Supply blocks, unpowered buildings, or Contaminate may cause inaccurate times.
  • Supply counts are checked every 10 seconds.